Map: Tropical Sacrifice

Players

A.I. 1 (Very Easy) - Winner!

  • Race: Zerg Zerg
  • Spawn Location: 7:00

tone

  • Race: Terran Terran
  • League: Diamond
  • Spawn Location: 1:00

VOD

Have the link to the VOD?

Description

Time

  • Played on: Nov. 2, 2022, 10:39 p.m.
  • Length: 9:57
Show
View Real Time Build Order
Export as new Build Order

A.I. 1 (Very Easy) Zerg - Winner!

Build Orders:  

Get SALT Encoding   

  6  0:01  Drone  
Show
View Real Time Build Order
Export as new Build Order

tone Terran 

Build Orders: Reaper Expand, Hellion Banshee 

Get SALT Encoding   

  6  0:00  SCV  
  13  0:12  SCV  
  14  0:17  Supply Depot  
  14  0:24  SCV  
  15  0:39  SCV, Barracks  
  16  0:44  Refinery  
  16  0:51  SCV  
  17  1:03  SCV  
  18  1:15  SCV  
  19  1:26  Reaper  
  19  1:27  Orbital Command  
  20  1:42  Command Center  
  20  1:49  Supply Depot  
  20  1:52  SCV  
  21  1:58  Marine  
  22  2:05  SCV  
  23  2:13  Factory  
  23  2:17  SCV  
  23  2:20  Barracks Reactor  
  24  2:29  SCV  
  25  2:41  SCV  
  26  2:44  Command Center  
  26  2:53  Orbital Command  
  26  2:55  SCV  
  27  3:03  Starport  
  27  3:08  SCV  
  28  3:13  Refinery  
  28  3:18  Hellion  
  30  3:20  Hellion  
  30  3:25  SCV x2  
  34  3:28  Barracks Tech Lab  
  34  3:37  SCV x2  
  38  3:49  Hellion x2  
  38  3:50  SCV x2  
  38  3:51  Banshee  
  38  3:56  Orbital Command  
  45  4:05  Cloaking Field  
  45  4:06  Supply Depot  
  45  4:07  SCV x2  
  47  4:12  Hellion x2  
  47  4:14  Barracks Tech Lab  
  51  4:19  SCV x2  
  53  4:28  Supply Depot  
  53  4:32  SCV x3  
  53  4:33  Banshee  
  53  4:35  Hellion  
  53  4:36  Hellion  
  63  4:48  Barracks  
  63  4:49  SCV x3  
  63  4:50  Barracks  
  66  4:55  Stimpack  
  66  5:00  Supply Depot  
  66  5:01  SCV x3  
  69  5:11  Orbital Command  
  69  5:12  Refinery x2, Factory Reactor  
  69  5:13  Engineering Bay  
  69  5:15  SCV, Engineering Bay  
  69  5:16  SCV  
  71  5:28  SCV x2  
  73  5:35  Supply Depot  
  73  5:38  Starport Reactor  
  73  5:42  Barracks  
  73  5:43  Barracks  
  73  5:44  SCV x3  
  73  5:45  Terran Infantry Armor Level 1, Terran Infantry Weapons Level 1  
  76  5:58  SCV x3  
  76  5:59  Supply Depot  
  76  6:01  Factory Reactor, Marine x5  
  84  6:10  SCV x3, Supply Depot  
  87  6:12  Supply Depot  
  87  6:20  Medivac x2  
  87  6:23  Marine x5  
  87  6:24  SCV x3  
  99  6:29  Supply Depot  
  99  6:32  Barracks Reactor x2  
  99  6:36  SCV x3  
  106  6:40  Widow Mine x2  
  106  6:42  Combat Shield  
  106  6:48  Factory  
  106  6:49  Refinery, Marine x5  
  106  6:52  Armory  
  111  6:55  SCV x3  
  116  7:03  Medivac x2  
  116  7:12  Supply Depot x2  
  118  7:19  Widow Mine x2  
  122  7:24  Command Center  
  122  7:29  Barracks  
  122  7:30  Barracks x2  
  122  7:33  Refinery  
  122  7:39  Terran Infantry Weapons Level 2, Terran Infantry Armor Level 2  
  122  7:42  Terran Vehicle And Ship Armor Level 1  
  122  7:45  Marine x6  
  122  7:46  Marine x3  
  122  7:51  Supply Depot x2  
  131  7:52  Widow Mine x3  
  137  8:01  Medivac x2  
  141  8:10  Supply Depot  
  141  8:12  Marine x9  
  150  8:14  Supply Depot  
  150  8:15  Supply Depot  
  150  8:19  Widow Mine x3  
  156  8:30  Barracks Tech Lab x2  
  156  8:31  Medivac x2  
  160  8:37  Supply Depot  
  160  8:40  Marine x9  
  169  8:43  Widow Mine x3  
  169  8:46  SCV x3  
  178  8:50  Sensor Tower  
  178  8:58  SCV x3  
  178  9:01  Medivac x2  
  185  9:04  Widow Mine x3  
  191  9:10  Planetary Fortress, SCV x3  
  194  9:22  SCV x2  
  194  9:23  SCV  
Tags
 
Add a new tag
Caveats
  • Supply blocks, unpowered buildings, or Contaminate may cause inaccurate times.
  • Supply counts are checked every 10 seconds.